 Dungeon Crawl Stone Soup version 0.24-a0-250-g6074511 (webtiles) character file.

Game seed: 3051377782899674382

182 smeego the Ducker (level 5, -1/36 HPs)
             Began as an Octopode Fighter on Apr 15, 2019.
             Slain by an orc
             ... wielding a cursed -3 trident
              (5 damage)
             ... on level 3 of the Dungeon.
             The game lasted 00:03:47 (2279 turns).

smeego the Ducker (Octopode Fighter)                Turns: 2279, Time: 00:03:47

Health: -1/36      AC:  1    Str: 14 (15) XL:     5   Next: 61%
Magic:  5/5        EV: 11    Int: 14 (16) God:
Gold:   171        SH: 12    Dex:  9 (12) Spells: 4/4 levels left

rFire    . . .     SeeInvis .   a - +1 long sword
rCold    . . .     Gourm    .   b - +0 shield
rNeg     . . .     Faith    .   (helmet restricted)
rPois    .         Spirit   .   l - +4 amulet of reflection
rElec    .         Reflect  +   (no ring)
rCorr    .         Harm     .   (no ring)
MR       .....                  (no ring)
Stlth    +++.......             (no ring)
HPRegen  0.12/turn              (no ring)
MPRegen  0.09/turn              (no ring)
                                (no ring)
                                (no ring)

@: brilliant, lethally poisoned (-1 -> -8), flying
A: almost no armour, stealthy swim, amphibious, 8 rings, constrict 8, camouflage
1, gelatinous body 1
a: no special abilities


You were on level 3 of the Dungeon.
You were hungry.

You visited 1 branch of the dungeon, and saw 4 of its levels.

You collected 171 gold pieces.

Inventory:

Hand Weapons
 a - a +1 long sword (weapon)
Armour
 b - a +0 shield (worn)
Jewellery
 j - an uncursed amulet of the gourmand
 l - a +4 amulet of reflection (around mantle)
Scrolls
 e - 3 scrolls of enchant weapon
 i - 6 scrolls of identify
 n - 2 scrolls of blinking
Potions
 c - a potion of might
Comestibles
 d - 7 rations
 g - a chunk of flesh


   Skills:
 + Level 3.5 Fighting
 * Level 3.4 Long Blades
 + Level 3.5 Dodging
 + Level 2.4 Stealth
 + Level 3.5 Shields
 + Level 1.5 Unarmed Combat


You had 4 spell levels left.
You didn't know any spells.
Your spell library was empty.

Dungeon Overview and Level Annotations

Branches:
Dungeon (4/15)
 Temple: D:4-7

Altars:
Makhleb


Innate Abilities, Weirdness & Mutations

You cannot wear most types of armour.
You are very stealthy in the water. (Stealth+)
You are amphibious.
You can wear up to eight rings at the same time.
You can use your tentacles to constrict eight enemies at once.
Your skin changes colour to match your surroundings (Stealth+).
Your rubbery body absorbs attacks. (AC +1, EV +1)


Message History

* * * LOW HITPOINT WARNING * * *
The adder completely misses you. You block the orc's attack.
It was a potion of flight.
You feel very buoyant.
You fly up into the air.
You block the adder's attack.
The orc barely misses you. x2; The adder bites you.
* * * LOW HITPOINT WARNING * * *
You are lethally poisoned!
The adder poisons you!
It was a potion of brilliance.
You feel clever all of a sudden.
* * * LOW HITPOINT WARNING * * *
You feel sick. You block the orc's attack. You block the adder's attack.
The orc completely misses you.
You barely miss the orc. Your grab misses the orc.
The orc is lightly wounded.
* * * LOW HITPOINT WARNING * * *
You feel sick. You block the adder's attack.
The orc hits you from afar with a cursed -3 trident.
You die...

##(#...................#
#[[.).................#
##.)((.....>o#..#######
##.(........###..
##...#.[..(.######
#..####.#..o(....##. #
##.## #.#..)oo...... #
##..# #....So# # #..##
####.#@# ###.##
#...####### ..#.#
##..##....# ....######
#....†...# .........###
##.##....#
#..(####..[#####.#######
..(## ###....##..# ##.#
####.###.## ##.#
#####..##..##


You could see an orc wizard, an adder and 3 orcs.

Vanquished Creatures
  2 orc priests (D:3)
  A worker ant (D:4)
  2 adders
  An adder skeleton (D:4)
  3 worms
  5 dart slugs
  2 leopard geckos (D:1)
  7 orcs (D:3)
  2 ball pythons
  7 bats
  2 giant cockroaches
  4 hobgoblins
  2 frilled lizards
  3 goblins
  8 kobolds
  12 rats
63 creatures vanquished.

Notes
Turn   | Place    | Note
-------+----------+-------------------------------------------
     0 | D:1      | smeego the Octopode Fighter began the quest for the Orb.
     0 | D:1      | Reached XP level 1. HP: 16/16 MP: 1/1
   109 | D:1      | Reached XP level 2. HP: 19/21 MP: 2/2
   265 | D:1      | Reached skill level 1 in Stealth
   542 | D:1      | Reached XP level 3. HP: 26/26 MP: 3/3
  1237 | D:2      | Reached skill level 1 in Unarmed Combat
  1436 | D:3      | Found a burning altar of Makhleb.
  1439 | D:3      | Reached XP level 4. HP: 31/31 MP: 4/4
  1588 | D:4      | Reached XP level 5. HP: 14/36 MP: 5/5
  2279 | D:3      | Slain by an orc

Levels and vault maps discovered:
D:1:      dpeg_arrival_simpleton_a, layout_basic
D:2:      layout_basic, minmay_rat_gold_closets
D:3:      layout_rooms, old_standard_altar, okawaru_gym_becter, first_ration,
          tgw_trog
D:4:      layout_gridville, nicolae_overflow_crystal_walls,
          kennysheep_little_box, fountainhead

Skill      XL: |  1  2  3  4 |
---------------+-------------+-----
Stealth        | 1 2 |  2.4
Unarmed Combat | 1 |  1.5
Long Blades    | 3 |  3.4
Fighting       | |  3.5
Dodging        | |  3.5
Shields        | |  3.5

Action                   |  1- 3 |  4- 6 || total
-------------------------+-------+-------++-------
Melee: Long sword        |    67 |    66 ||   133
       Constrict         |    18 |    14 ||    32
       Tentacles         |    16 |    13 ||    29
       Punch             |       |     1 ||     1
  Use: Scroll            |     7 |     3 ||    10
       Potion            |       |     7 ||     7
 Stab: Sleeping          |    19 |     4 ||    23
  Eat: Chunk             |     2 |     2 ||     4
Armor: Skin              |     2 |    68 ||    70
Dodge: Dodged            |    25 |    38 ||    63
Block: Shield            |    32 |    91 ||   123
       Reflection        |       |    10 ||    10
       Rpst.: Long sword |     9 |    10 ||    19

Table legend:
 A = Non-vault XP
 B = Vault XP
 C = Vault XP percentage of total XP
 D = Non-vault monster count
 E = Vault monster count
 F = Vault count percentage of total count
                 A         B        C        D         E       F
            +---------+---------+-------+---------+---------+-------
      Total |     252 |       8 |   3.1 |      55 |       8 |  12.7
            +---------+---------+-------+---------+---------+-------
        D:1 |      36 |       0 |   0.0 |      21 |       0 |   0.0
        D:2 |      37 |       8 |  17.8 |      10 |       8 |  44.4
        D:3 |     133 |       0 |   0.0 |      20 |       0 |   0.0
        D:4 |      46 |       0 |   0.0 |       4 |       0 |   0.0
            +---------+---------+-------+---------+---------+-------
